[Event "*** SCC Grand Prix: Titled Tuesday Blitz"]
[Site "Chess.com"]
[Date "2020.06.02"]
[Round "8"]
[White "Twiceblessed"]
[Black "Grieve72"]
[Result "0-1"]
[WhiteElo "2510"]
[BlackElo "2370"]
[TimeControl "180+1"]
[EndTime "11:37:33 PDT"]
[Termination "Grieve72 won by resignation"]

1. d4 f5 2. c4 Nf6 3. Nc3 d6 4. Bg5 Nbd7 5. Qc2 g6 6. O-O-O Bg7 7. h4 h6 8. Bd2 O-O 9. Nh3 e5 10. dxe5 dxe5 11. e4 f4 12. g3 fxg3 13. fxg3 c6 14. Be2 Qe7 15. g4 Ne8 16. g5 h5 17. Rhf1 Nc5 18.
Nf2 Nc7 19. Na4 N5e6 20. Be3 Nd4 21. Bxd4 exd4 22. e5 Bf5 23. Bd3 Ne6 24. Bxf5 Rxf5 25.
Nd3 Raf8 26. Rxf5 Rxf5 27. Re1 b6 28. b3 c5 29. Nab2 Qb7 30. Qe2 Qf3 31. Nd1 Qxe2 32. Rxe2 Nf4 33. Nxf4 Rxf4 34. e6 Kf8 35. e7+ Ke8 36.
Re6 Rxh4 37. Rxg6 Be5 38. Re6 Bf4+ 39. Kc2 Bxg5 40. Kd3 Bxe7 41. Nf2 Kd7 42. Rh6 Rh2 43. Ne4 Rh3+ 44. Kd2 h4 45. Rh7 Ke6 46. Nf2 Rh2 47.
Ke2 d3+ 48. Kf3 d2 49. Rh6+ Ke5 50. Nd3+ Kd4 51. Nb2 Kc3 52. Nd1+ Kc2 53. Ne3+ Kc1 54. Re6 Rh3+ 55. Kf2 Rxe3 56. Rxe3 d1=Q 57. Rxe7 Qd2+ 58. Re2 Qf4+ 59. Kg2 Qg3+ 60. Kh1 Qf3+ 61. Rg2 h3 0-1

[Event "*** SCC Grand Prix: Titled Tuesday Blitz"]
[Site "Chess.com"]
[Date "2020.06.02"]
[Round "8"]
[White "Kirill_Klukin"]
[Black "1977Ivan"]
[Result "1/2-1/2"]
[WhiteElo "2725"]
[BlackElo "2608"]
[TimeControl "180+1"]
[EndTime "11:37:34 PDT"]
[Termination "Game drawn - insufficient material"]

1. d4 Nf6 2. Nf3 c5 3. e3 g6 4. Be2 Bg7 5. O-O O-O 6. a3 b6 7. c4 cxd4 8. Nxd4 Bb7 9. Bf3 Bxf3 10. Qxf3 Nc6 11. Nxc6 dxc6 12. Qxc6 Rc8 13. Qa4 Qd7 14. Qxd7 Nxd7 15. Nd2 Ne5 16. Ra2 Nxc4 17. b3 Ne5 18. Nf3 Nd3 19. Bd2 Rfd8 20. Rb1 a5 21. Kf1 h6 22. Ke2 f5 23. Ne1 Ne5 24. Nf3 Nf7 25. b4 a4 26. b5 e5 27. Rb4 e4 28. Ne1 Rd5 29. Rxa4 Nd6 30. Ra6 Rxb5 31. Nc2 Nc4 32. Nb4 Ra5 33. Rxa5 bxa5 34. Nd5 Rc5 35. Nf4 Kf7 36.
Rc2 Bf8 37. a4 Nxd2 38. Rxc5 Bxc5 39. Kxd2 Bb4+ 40. Ke2 g5 41. Nh3 Ke6 42. f3 Kd5 43. Nf2 exf3+ 44. gxf3 Kc4 45. e4 fxe4 46. fxe4 Kd4 47.
Kf3 h5 48. h3 Bd6 49. Nd1 Bb4 50. Ne3 Bd2 51. Nf5+ Ke5 52. Ne7 g4+ 53. hxg4 hxg4+ 54. Kxg4 Kxe4 55. Nc6 Kd5 56. Nxa5 Bxa5 57. Kf3 Kc4 58. Ke2 Kb4 59. Kd1 Kxa4 1/2-1/2

[Event "*** SCC Grand Prix: Titled Tuesday Blitz"]
[Site "Chess.com"]
[Date "2020.06.02"]
[Round "8"]
[White "MariaFominykh"]
[Black "Ariadna_Atreides"]
[Result "1-0"]
[WhiteElo "2258"]
[BlackElo "2026"]
[TimeControl "180+1"]
[EndTime "11:37:35 PDT"]
[Termination "MariaFominykh won on time"]

1. d4 e6 2. c4 Bb4+ 3. Bd2 Qe7 4. e4 b6 5. Bd3 Bb7 6. Nf3 Bxd2+ 7. Qxd2 f5 8. exf5 exf5+ 9. Qe2 g6 10. Nbd2 Qxe2+ 11. Kxe2 Bxf3+ 12. Nxf3 d6 13. Rhe1 Nf6 14. Kf1+ Kd7 15.
c5 Nc6 16. Rac1 bxc5 17. dxc5 Rab8 18. b3 d5 19. a4 Nb4 20. Ne5+ Kc8 21. Bb5 a6 22. Be2 Re8 23. Nf3 c6 24. Nd4 Kc7 25. f3 Re3 26. Kf2 Rbe8 27. Bf1 Rxe1 28. Rxe1 Rxe1 29. Kxe1 a5 30. Kd2 Kd7 31. Kc3 Ke7 32.
Kd2 Nd7 33. Ne2 Nxc5 34. Kc3 Kd6 35. Nd4 Ne6 36. Ne2 c5 37. Ng3 d4+ 38. Kd2 Nd5 39.
Ba6 Ne3 40. Bc8 Nxg2 41. Ne2 Ngf4 42. Nc1 Kc7 43. Ba6 Kb6 44. Bc4 Kc6 45. Nd3 Nxd3 46.
Bxe6 Nf4 47. Bg8 Kd6 48. Bxh7 Kd5 49. Bg8+ Ke5 50. Bf7 g5 51. Bc4 g4 52. fxg4 fxg4 53. Bf1 1-0

[Event "*** SCC Grand Prix: Titled Tuesday Blitz"]
[Site "Chess.com"]
[Date "2020.06.02"]
[Round "8"]
[White "GMSrinath"]
[Black "novendrapriasmoro"]
[Result "0-1"]
[WhiteElo "2785"]
[BlackElo "2633"]
[TimeControl "180+1"]
[EndTime "11:37:36 PDT"]
[Termination "novendrapriasmoro won by resignation"]

1. Nf3 Nf6 2. c4 g6 3. b3 Bg7 4. Bb2 O-O 5. g3 d6 6. Bg2 e5 7. O-O e4 8. Ne1 c5 9. d3 Re8 10.
Nc3 e3 11. fxe3 Ng4 12. Nc2 Nc6 13. e4 Nb4 14. Na4 Nxc2 15. Bxg7 Nce3 16. Qd2 Kxg7 17. Rf3 Nxg2 18. Kxg2 Ne5 19. Rf2 Be6 20. Raf1 a6 21. Nc3 Qd7 22. Kg1 Bh3 23. Re1 Be6 24. Qf4 Qe7 25.
Ref1 h6 26. Qd2 Qg5 27. e3 Ng4 28. Rf4 Ne5 29. Qe2 Bh3 30. R1f2 Be6 31. d4 Ng4 32. Rf1 f5 33. exf5 gxf5 34. d5 Bd7 35. R1f3 Re7 36.
Qb2 Kh7 37. Nd1 Rae8 38. Qd2 Qg7 39. Qd3 Ne5 40. Qf1 Nxf3+ 41. Qxf3 Re4 42. Nf2 Rxf4 43. Qxf4 Qe5 44. Qh4 Qxe3 45. Qh5 Qe1+ 46. Kg2 Qe7 47. h4 Kg7 48. Qf3 Qf6 49. Nd3 Re4 50. Nf4 Rxf4 51. Qxf4 b5 52. Kf2 Qd4+ 53. Qxd4+ cxd4 54. Ke2 Kf6 55. Kd3 Ke5 56. h5 bxc4+ 57. bxc4 Be8 58. a3 Bxh5 59.
Kd2 Bg6 0-1

[Event "*** SCC Grand Prix: Titled Tuesday Blitz"]
[Site "Chess.com"]
[Date "2020.06.02"]
[Round "8"]
[White "Saxar85"]
[Black "manitodeplomo"]
[Result "1-0"]
[WhiteElo "2741"]
[BlackElo "2617"]
[TimeControl "180+1"]
[EndTime "11:37:37 PDT"]
[Termination "Saxar85 won on time"]

1. e4 c5 2. Nf3 e6 3. Nc3 a6 4. d4 cxd4 5. Nxd4 Qc7 6. Be2 Nf6 7. O-O d6 8. a4 b6 9. f4 Bb7 10.
Bf3 Nc6 11. Be3 Be7 12. Kh1 Rd8 13. f5 e5 14. Nde2 Nb4 15. Ng3 d5 16. exd5 Nfxd5 17. Nxd5 Bxd5 18. Bxd5 Rxd5 19. Qf3 Qxc2 20. Rac1 Qb3 21.
Rc8+ Bd8 22. f6 g6 23. Ne4 Rd3 24. Bxb6 O-O 25. Qf2 Qd5 26. Bxd8 Rxd8 27. Rxd8+ Qxd8 28. h3 Rd1 29. Rxd1 Qxd1+ 30. Kh2 Qc1 31. Qg3 Qf4 32.
Qxf4 exf4 33. b3 Nd3 34. Kg1 h6 35. h4 Kf8 36. Kf1 Ke8 37. Ke2 Ne5 38. Nc5 a5 39. Nb7 Nc6 40. Nd6+ Kd7 41. Nxf7 Ke6 42. Nxh6 Kxf6 43.
Ng4+ Kf5 44. Nf2 Nd4+ 45. Kd3 Nxb3 46. Kc4 Nd2+ 47. Kb5 Ne4 48. Nxe4 Kxe4 49. Kxa5 Ke3 50. Kb6 Kf2 51. a5 Kxg2 52. a6 f3 53. a7 f2 54.
a8=Q+ Kg1 55. Qg8 f1=Q 56. Qxg6+ Kh2 57. h5 Qf2+ 58. Kc7 Qc5+ 59. Kd7 1-0

[Event "*** SCC Grand Prix: Titled Tuesday Blitz"]
[Site "Chess.com"]
[Date "2020.06.02"]
[Round "8"]
[White "TigranMukhutdinov"]
[Black "Reader777"]
[Result "1-0"]
[WhiteElo "2464"]
[BlackElo "2590"]
[TimeControl "180+1"]
[EndTime "11:37:37 PDT"]
[Termination "TigranMukhutdinov won by resignation"]

1. Nf3 Nf6 2. g3 b5 3. Na3 a6 4. c4 e6 5. b3 Bb7 6. Bg2 b4 7. Nc2 Be7 8. O-O O-O 9. a3 bxa3 10. Bxa3 d5 11. Bxe7 Qxe7 12. d3 Nbd7 13. b4 dxc4 14. dxc4 c5 15. b5 axb5 16. cxb5 Nb6 17. Ne3 Nfd5 18.
Qd2 Nxe3 19. Qxe3 Bd5 20. Rxa8 Rxa8 21. Rc1 Nc4 22. Qd3 Nb6 23. e4 Bb7 24. Ne5 Rc8 25.
Qa3 Qd6 26. Qa7 Qxe5 27. Qxb7 Qc7 28. e5 Nd7 29. f4 Qd8 30. Rd1 Rc7 31. Qb6 Qc8 32.
Qd6 Nf8 33. b6 Rd7 34. Qxd7 Qxd7 35. Rxd7 Nxd7 36. b7 Kf8 37. Kf2 Ke7 38. Ke2 Kd8 39. Kd3 Kc7 40. Kc4 Kb6 41. Be4 g6 42. g4 h6 43. h4 Kc7 44. Kb5 h5 45. gxh5 gxh5 46. Bc6 Nb8 47. Be8 Kxb7 48. Bxf7 Nc6 49. Kxc5 Nd8 50.
Bxh5 Kc7 51. Be8 Nb7+ 52. Kd4 Kd8 53. Bc6 Na5 54. Be4 Ke7 55. h5 Kf8 56. h6 Kg8 57.
Kc5 Nb3+ 58. Kd6 Nd4 59. Ke7 Kh8 60. Kf6 Kg8 61. h7+ Kh8 62. Kf7 Ne2 63. Kxe6 Nxf4+ 64. Kf5 Nh5 65. Kg6 Nf4+ 66. Kf7 Ng6 67. e6 Ne5+ 68.
Kf6 Nc4 69. e7 Nd6 70. Ke6 Ne8 71. Bg6 Ng7+ 72. Kd7 Ne8 73. Bxe8 1-0

[Event "*** SCC Grand Prix: Titled Tuesday Blitz"]
[Site "Chess.com"]
[Date "2020.06.02"]
[Round "8"]
[White "RitvarsReimanis"]
[Black "ferdipy"]
[Result "0-1"]
[WhiteElo "2508"]
[BlackElo "2370"]
[TimeControl "180+1"]
[EndTime "11:37:37 PDT"]
[Termination "ferdipy won by checkmate"]

1. d4 Nf6 2. c4 e6 3. Nf3 Bb4+ 4. Bd2 Qe7 5. g3 Nc6 6. Bg2 Bxd2+ 7. Nbxd2 d6 8. e4 e5 9. d5 Nb8 10. O-O a5 11. Ne1 O-O 12. Nd3 Bg4 13. f3 Bd7 14. b3 Na6 15. a3 c6 16. b4 cxd5 17. exd5 b5 18. bxa5 Qd8 19. f4 exf4 20. Nxf4 Qxa5 21. h3 Nc5 22. Rf2 Qc3 23. Ne2 Qe3 24. Nf1 Qe5 25. cxb5 Bxb5 26. Nf4 Rfe8 27. Rb1 Ba4 28. Qc1 Bd7 29. Qb2 Bf5 30. Ra1 Qxb2 31. Rxb2 Be4 32. Rb6 Bxg2 33. Kxg2 Nfe4 34. a4 Nxa4 35. Rxa4 Rxa4 36.
h4 Ra2+ 37. Kg1 Rea8 38. Ne3 h6 39. g4 Rf2 40. Neg2 Ra1+ 41. Kh2 Raa2 42. h5 Rxf4 43. Rb4 Rxg4 44. Kh3 Rgxg2 45. Rxe4 Rg5 46. Rh4 Kh7 47. Rb4 Rxh5+ 48. Kg4 Rxd5 49. Rb7 Kg6 50. Kf4 Ra4+ 51. Ke3 Rh5 52. Rd7 Rh3+ 53. Kf2 Rb3 54. Rxd6+ f6 55. Ra6 Rxa6 56. Ke2 Ra2+ 57. Kd1 Rb1# 0-1

[Event "*** SCC Grand Prix: Titled Tuesday Blitz"]
[Site "Chess.com"]
[Date "2020.06.02"]
[Round "8"]
[White "chessablanca"]
[Black "olksuna"]
[Result "0-1"]
[WhiteElo "2436"]
[BlackElo "2582"]
[TimeControl "180+1"]
[EndTime "11:37:38 PDT"]
[Termination "olksuna won by checkmate"]

1. Nf3 Nf6 2. g3 g6 3. b3 Bg7 4. Bb2 d5 5. Bg2 c5 6. O-O O-O 7. d3 Nc6 8. Nbd2 Qc7 9. Re1 e5 10. e4 Re8 11. exd5 Nxd5 12. Nxe5 Nxe5 13. Bxd5 Bh3 14. f4 Nxd3 15. cxd3 Bxb2 16. Rb1 Bd4+ 17. Kh1 Kg7 18. Qf3 Bc3 19. Rxe8 Rxe8 20. Ne4 Bd4 21.
g4 Qd7 22. Qxh3 Qxd5 23. Qf3 f5 24. gxf5 gxf5 25. Qg2+ Kf8 26. Ng3 Rd8 27. Qxd5 Rxd5 28. Re1 Kf7 29. Kg2 Bc3 30. Rd1 b5 31. Ne2 Bf6 32. Kf3 c4 33. bxc4 bxc4 34. Ke3 Ra5 35. dxc4 Rxa2 36. Rd2 Rxd2 37. Kxd2 Ke6 38. Kd3 a5 39.
Nc1 a4 40. Na2 Kd6 41. h3 Kc5 42. Nc1 Kb4 43. Na2+ Kc5 44. Nc1 h5 45. Na2 Bb2 46.
h4 Bf6 47. Nc1 Bxh4 48. Ne2 Bf6 49. Ng3 h4 50. Nxf5 a3 51. Kc2 a2 52. Ng7 a1=Q 53.
Ne6+ Kb4 54. Nd4 Qxd4 55. Kc1 Qxf4+ 56. Kd1 Qd4+ 57. Ke2 Bg5 58. Kf3 h3 59. Kg3 Qf4+ 60. Kxh3 Qf3+ 61. Kh2 Qg4 62. Kh1 Be3 63. Kh2 Bf2 64.
Kh1 Qg1# 0-1

[Event "*** SCC Grand Prix: Titled Tuesday Blitz"]
[Site "Chess.com"]
[Date "2020.06.02"]
[Round "8"]
[White "XxPetroffsxX"]
[Black "Funkmaus"]
[Result "0-1"]
[WhiteElo "2050"]
[BlackElo "2196"]
[TimeControl "180+1"]
[EndTime "11:37:39 PDT"]
[Termination "Funkmaus won on time"]

1. e4 c6 2. Nc3 d5 3. d4 dxe4 4. Nxe4 Nf6 5. Ng5 Bf5 6. Bc4 e6 7. c3 Nbd7 8. Ne2 h6 9. Nf3 Be7 10. O-O O-O 11. h3 Rc8 12. Ng3 Bh7 13. Re1 c5 14.
Qe2 a6 15. Ne5 Nxe5 16. dxe5 Nd5 17. Nh5 Bg6 18. Qg4 Kh7 19. Bd3 Rg8 20. Bxg6+ fxg6 21. Ng3 Rc6 22. Be3 Qe8 23. Rad1 b5 24. Ne4 c4 25. Bc1 Rf8 26. Nd6 Bxd6 27. exd6 Rxd6 28. Rd4 Qf7 29.
f3 Nf6 30. Qf4 Rxd4 31. Qxd4 Nd5 32. Qe5 Re8 33. Bd2 Qf6 34. Kf2 Qxe5 35. Rxe5 Kg8 36.
Be3 Kf7 37. Bd4 Nf6 38. g4 Rd8 39. Rc5 Nd5 40. Be5 Rd7 41. Rc8 Ra7 42. Rc6 g5 43. Ke2 Nf4+ 44. Bxf4 gxf4 45. Rd6 Kf6 46. h4 g5 47. h5 a5 48. Rb6 b4 49. cxb4 axb4 50. Rxb4 Rxa2 51. Kd2 Ke5 52. Kc3 Ra1 53. Rb5+ Kf6 54.
Kxc4 Rf1 55. Rb3 Rf2 0-1

[Event "*** SCC Grand Prix: Titled Tuesday Blitz"]
[Site "Chess.com"]
[Date "2020.06.02"]
[Round "8"]
[White "Vaathi_Coming"]
[Black "Drags95"]
[Result "1-0"]
[WhiteElo "2861"]
[BlackElo "2654"]
[TimeControl "180+1"]
[EndTime "11:37:40 PDT"]
[Termination "Vaathi_Coming won on time"]

1. d4 Nf6 2. Nf3 e6 3. g3 b6 4. Bg2 Bb7 5. O-O Be7 6. c4 O-O 7. d5 exd5 8. Nh4 c6 9. cxd5 Nxd5 10. Nf5 Nc7 11. e4 d5 12. Nc3 Nba6 13. exd5 Nxd5 14. Nxd5 cxd5 15. Bxd5 Bxd5 16. Qxd5 Bf6 17. Qc4 Nc5 18. Be3 Qd3 19. Qxd3 Nxd3 20. Rad1 Nxb2 21. Rd7 Rfd8 22. Rc7 Nd1 23. h4 Nxe3 24. Nxe3 b5 25. Rfc1 a5 26. Rb7 Rdb8 27. Rcc7 Rxb7 28. Rxb7 b4 29. Nd5 Bd4 30. Ne7+ Kf8 31. Nc6 Bc3 32. Rb5 g6 33. Nxa5 Kg7 34.
Kg2 h5 35. Kf3 Be1 36. Ke2 Bc3 37. Rd5 Ra7 38. Kd3 Be1 39. Ke2 Bc3 40. Ke3 Ra6 41. Kf3 Rf6+ 42. Ke2 Re6+ 43. Kf3 Ra6 44. Kg2 Rf6 45. Nb3 Be1 46. f4 Ra6 47. Nc1 Bc3 48. Kf3 Ra3 49. Kg2 Bb2 50. Nd3 Bc3 51. Nc1 Kf6 52.
Rd6+ Kf5 53. Rd5+ Ke4 54. Rb5 Ke3 55. Rd5 Ke4 56. Rb5 Ra6 57. Kf2 1-0

[Event "*** SCC Grand Prix: Titled Tuesday Blitz"]
[Site "Chess.com"]
[Date "2020.06.02"]
[Round "8"]
[White "PowerThinking2650"]
[Black "kingmonkey2006"]
[Result "0-1"]
[WhiteElo "2283"]
[BlackElo "2514"]
[TimeControl "180+1"]
[EndTime "11:37:40 PDT"]
[Termination "kingmonkey2006 won on time"]

1. e4 c5 2. Nf3 d6 3. Nc3 a6 4. a4 Nf6 5. g3 Nc6 6. Bg2 g6 7. O-O Bg7 8. d3 O-O 9. h3 Rb8 10. Be3 b5 11. axb5 axb5 12. Qd2 b4 13. Nd1 Bb7 14. Bh6 Qc7 15. Bxg7 Kxg7 16. Ne3 Ra8 17.
Rab1 Ra2 18. Nh4 e6 19. f4 Nd4 20. f5 exf5 21. Nexf5+ Nxf5 22. Nxf5+ Kh8 23. Qh6 Rg8 24. Ne3 Qe7 25. Rf2 Ne8 26. Rbf1 Rg7 27. Nc4 Ba6 28. e5 Bxc4 29. exd6 Nxd6 30. dxc4 f5 31. Bd5 Ne4 32. Qf4 Nd6 33. Re2 Qxe2 34. Qxd6 Qe8 35. Qxc5 Raa7 36. Qxb4 Qe3+ 37. Kg2 h6 38. Qc3 Qxc3 39.
bxc3 Ra2 40. Rf2 Re7 41. c5 Ra5 42. c4 Rxc5 43. h4 Kg7 44. Kf3 Kf6 45. Rd2 Re1 46.
Rd3 Rc7 47. Re3 Rxe3+ 48. Kxe3 Ke5 49. Kf3 g5 50. hxg5 hxg5 51. g4 f4 52. c3 Rh7 53.
Kg2 Rh4 54. Bf3 Kd6 55. Be2 Kc5 56. Kf3 Rh3+ 57. Kf2 Re3 58. Bf3 Kxc4 0-1

[Event "*** SCC Grand Prix: Titled Tuesday Blitz"]
[Site "Chess.com"]
[Date "2020.06.02"]
[Round "8"]
[White "imdarealist"]
[Black "Piotrek1979"]
[Result "1-0"]
[WhiteElo "2268"]
[BlackElo "2409"]
[TimeControl "180+1"]
[EndTime "11:37:40 PDT"]
[Termination "imdarealist won by resignation"]

1. d4 Nf6 2. Bf4 d6 3. e3 Nbd7 4. Nf3 Nh5 5. Bg5 h6 6. Bh4 g5 7. Nfd2 Ndf6 8. Bg3 Nxg3 9. hxg3 Bg7 10. Bd3 e6 11. c3 Qe7 12. Qe2 a6 13. a4 c5 14.
Nc4 Qc7 15. a5 Bd7 16. Nb6 Rd8 17. Nxd7 Rxd7 18. Nd2 d5 19. f4 cxd4 20. cxd4 Rd6 21. Nb3 Rc6 22. Nc5 Rxc5 23. dxc5 Qxc5 24. O-O O-O 25.
Rfc1 Qb4 26. Bc2 g4 27. Ra4 Qd6 28. Bb1 Nd7 29. e4 h5 30. e5 Qb8 31. Qc2 Rd8 32.
Qh7+ Kf8 33. Qxh5 Qa7+ 34. Kh2 Nc5 35. Ra3 d4 36. Qxg4 d3 37. Qf3 d2 38. Rd1 Ke7 39. Rc3 Rh8+ 40. Kg1 Nd3+ 41. Kf1 Rh1+ 42. Ke2 Nc1+ 43. Kxd2 Rxd1+ 44. Kxd1 Qd4+ 45. Kxc1 Bh6 46. Rd3 Qxe5 47. Qe3 Qc7+ 48. Rc3 Qxa5 49. Qc5+ Qxc5 50. Rxc5 Bf8 51. Rc7+ Kd6 52. Rxb7 Be7 53. Bd3 Bf6 54. Ra7 Bd4 55. Rxa6+ Kc5 56. Ra4 Bf2 57. Rc4+ Kd5 58. g4 Be3+ 59. Kd1 Kd6 60. Ke2 Ke7 61. Kxe3 1-0

[Event "*** SCC Grand Prix: Titled Tuesday Blitz"]
[Site "Chess.com"]
[Date "2020.06.02"]
[Round "8"]
[White "pavelalexandru07"]
[Black "ChessBitl"]
[Result "0-1"]
[WhiteElo "2124"]
[BlackElo "2331"]
[TimeControl "180+1"]
[EndTime "11:37:41 PDT"]
[Termination "ChessBitl won on time"]

1. e4 c5 2. Nf3 Nc6 3. d4 cxd4 4. Nxd4 g6 5. c4 Nf6 6. Nc3 d6 7. Be2 Nxd4 8. Qxd4 Bg7 9. Be3 O-O 10. Qd2 Be6 11.
O-O Qa5 12. f3 a6 13. Rab1 Rfc8 14. b4 Qd8 15. Nd5 Nxd5 16. cxd5 Bd7 17. Rfc1 Bb5 18. Bf1 Qd7 19. Bd4 Bxf1 20. Kxf1 Qb5+ 21. Kg1 Bxd4+ 22. Qxd4 Qa4 23. Qb2 h5 24. Qd2 Kg7 25. Qb2+ Kh7 26. Qd2 b5 27. Rxc8 Rxc8 28. Rb3 Rc4 29.
h3 h4 30. Kh2 Kg7 31. Qb2+ f6 32. Qd2 g5 33. Qb2 Kg6 34. Qd2 a5 35. bxa5 b4 36.
a6 Qxa6 37. Rxb4 Qa5 38. a3 Rc7 39. Qb2 Ra7 40. a4 Qc5 41. Qd4 Kf7 42. Qxc5 dxc5 43. Rc4 Ra5 44. Kg1 Ke8 45. Kf2 Kd7 46. Ke3 Kd6 47.
Kd3 Ra8 48. Kc3 Rb8 49. Kc2 Ra8 50. Kc3 Ra5 51. Kc2 Ke5 52. Kd3 Kf4 53. Ke2 Kg3 54.
Kf1 Kf4 55. Kf2 Ke5 56. Ke3 e6 57. dxe6 Kxe6 58. Kd3 Kd6 59. Kc3 Kc6 60. Kd3 Ra8 61.
Kc3 Rd8 62. a5 Rd1 63. Kc2 Ra1 0-1

[Event "*** SCC Grand Prix: Titled Tuesday Blitz"]
[Site "Chess.com"]
[Date "2020.06.02"]
[Round "8"]
[White "Skatchkov_V"]
[Black "KNVB"]
[Result "1/2-1/2"]
[WhiteElo "2561"]
[BlackElo "2684"]
[TimeControl "180+1"]
[EndTime "11:37:42 PDT"]
[Termination "Game drawn by stalemate"]

1. Nf3 d5 2. d4 c6 3. c4 Nf6 4. Nc3 Bg4 5. cxd5 Bxf3 6. exf3 Nxd5 7. Be2 e6 8. O-O Nd7 9. Qc2 Be7 10. Be3 O-O 11.
Rad1 Re8 12. a3 g6 13. Rfe1 Rc8 14. Ne4 Qc7 15. Bh6 Rcd8 16. Bc4 Qb8 17. Bxd5 exd5 18.
Ng3 Bf6 19. Qd2 Rxe1+ 20. Rxe1 Re8 21. Re3 Nf8 22. Rxe8 Qxe8 23. Qb4 Qe7 24. Qd2 Ne6 25.
Be3 Qd8 26. Ne2 Qb6 27. Nc3 Bxd4 28. Na4 Bxe3 29. fxe3 Qb3 30. Nc3 Qc4 31. Kf2 h5 32. e4 d4 33. Ne2 c5 34. b4 b6 35. Nf4 Nxf4 36. Qxf4 d3 37. Qb8+ Kh7 38. Qd6 Qc2+ 39. Ke3 Qc4 40. Qxd3 Qxd3+ 41. Kxd3 cxb4 42. axb4 a6 43.
Kc4 Kg7 44. Kd5 Kf6 45. Kc6 a5 46. bxa5 bxa5 47. Kb5 Ke5 48. Kxa5 Kd4 49. Kb5 Ke3 50. Kc5 Kf2 51. Kd6 Kxg2 52. Ke7 Kxf3 53. Kxf7 Kxe4 54.
Kxg6 h4 55. Kg5 h3 56. Kg4 Ke5 57. Kxh3 Kf5 58. Kg3 Kg6 59. h4 Kg7 60. Kg4 Kh8 61. h5 Kg8 62. Kg5 Kh8 63. h6 Kg8 64. Kg6 Kh8 65. h7 1/2-1/2

[Event "*** SCC Grand Prix: Titled Tuesday Blitz"]
[Site "Chess.com"]
[Date "2020.06.02"]
[Round "8"]
[White "woodhy"]
[Black "albi1999"]
[Result "0-1"]
[WhiteElo "2460"]
[BlackElo "2646"]
[TimeControl "180+1"]
[EndTime "11:37:42 PDT"]
[Termination "albi1999 won by resignation"]

1. e4 e5 2. Nf3 Nc6 3. Bb5 a6 4. Bxc6 dxc6 5. O-O Ne7 6. c3 Ng6 7. d4 Bd6 8. Re1 O-O 9. Nbd2 Re8 10. Nf1 b5 11.
Ng3 c5 12. Be3 cxd4 13. cxd4 Bg4 14. Nf5 exd4 15. Bxd4 Ne5 16. Bxe5 Bxf3 17. Qxf3 Bxe5 18. Rad1 Qf6 19. b3 Rad8 20. g3 g6 21. Nh6+ Kg7 22.
Qe3 Bd4 23. Ng4 Bxe3 24. Nxf6 Bxf2+ 25. Kxf2 Kxf6 26. Ke3 Ke6 27. Rc1 Kd7 28. Rf1 f5 29.
Rf4 c6 30. Kf3 fxe4+ 31. Rxe4 Rxe4 32. Kxe4 Re8+ 33. Kd3 Kd6 34. Rf1 c5 35. Rf6+ Re6 36. Rf7 h5 37. Ra7 Kd5 38. Rd7+ Rd6 39. Re7 Rf6 40.
Rd7+ Kc6 41. Ra7 Kb6 42. Rd7 Rc6 43. Kc3 c4 44. Rg7 a5 45. bxc4 Rxc4+ 46. Kb3 Rc6 47.
a4 bxa4+ 48. Kxa4 Rc4+ 49. Kb3 Rg4 50. Ka3 Kc5 51. Rd7 Kc6 52. Ra7 a4 53. Ra5 Kd6 54. Rb5 Ke6 55. Ra5 Kf6 56. Rb5 Kg7 57. Rb7+ Kh6 58.
Rb5 Rd4 59. Ra5 Kg7 60. Ra7+ Kf6 61. Ra5 Ke6 62. Ra6+ Kf5 63. h3 Rd3+ 64. Kxa4 Rxg3 65. Ra5+ Kf4 66. Ra6 g5 67. Rf6+ Ke3 68. h4 gxh4 69. Rf5 h3 70. Rxh5 Kf2 71. Kb4 Kg2 0-1

[Event "*** SCC Grand Prix: Titled Tuesday Blitz"]
[Site "Chess.com"]
[Date "2020.06.02"]
[Round "8"]
[White "Bastiandash"]
[Black "Berant"]
[Result "1/2-1/2"]
[WhiteElo "2127"]
[BlackElo "2316"]
[TimeControl "180+1"]
[EndTime "11:37:45 PDT"]
[Termination "Game drawn - insufficient material"]

1. e4 c5 2. Nf3 Nc6 3. Nc3 e5 4. Bc4 d6 5. O-O Be7 6. d3 Nf6 7. Bg5 Bg4 8. h3 Bh5 9. Bxf6 Bxf6 10. Nd5 O-O 11. g4 Bg6 12. Nh2 Bg5 13. c3 Ne7 14. Nxe7+ Qxe7 15. Qf3 Bf4 16. Rfe1 Qh4 17. Kg2 Kh8 18. Nf1 h5 19. Ng3 Bxg3 20. fxg3 Qg5 21. gxh5 Bxh5 22. g4 Bg6 23. h4 Qe7 24. h5 Bh7 25. Rf1 b5 26. Bd5 Rac8 27. Rf2 Rc7 28. Raf1 f6 29. Rh1 Bg8 30. h6 g5 31. Bxg8 Kxg8 32.
Qf5 Qh7 33. Qe6+ Qf7 34. Qxd6 Rd7 35. Qxc5 Rxd3 36. Qxb5 Rfd8 37. h7+ Kh8 38. Qb3 Qxb3 39.
axb3 Rd2 40. Rf1 Kxh7 41. Rxd2 Rxd2+ 42. Rf2 Rd1 43. Rxf6 Rd2+ 44. Rf2 Rd3 45. Rf3 Rd2+ 46. Rf2 Rd1 47. Re2 Rb1 48. Rc2 Kg6 49. c4 Kf6 50. c5 Ke7 51. c6 Kd8 52. Kf3 Kc7 53. Ke3 Rg1 54. Kf3 Rf1+ 55. Rf2 Rc1 56. b4 Rxc6 57. Rd2 Rf6+ 58. Kg3 Rf4 59. Re2 Kb6 60. Rd2 Rxe4 61. Rd7 Rxb4 62. Re7 Rb3+ 63. Kf2 Rxb2+ 64. Ke3 Rb3+ 65. Ke4 Rb4+ 66. Kf5 e4 67. Kxg5 a5 68. Kf4 a4 69. Ke3 a3 70. Re6+ Kb5 71. Re5+ Ka4 72. Re8 Rb5 73. Rxe4+ Kb3 74. Rd4 Re5+ 75.
Kf4 Rc5 76. g5 a2 77. Rd1 Kb2 78. Rd2+ Rc2 79. Rd1 Rc1 80. Rd2+ Rc2 81. Rd1 Rf2+ 82. Ke5 Kc2 83. Ra1 Kb2 84. Rxa2+ Kxa2 85. g6 Rg2 86.
Kf6 Kb3 87. g7 Kc4 88. Kf7 Kd5 89. g8=Q Rxg8 90. Kxg8 1/2-1/2

[Event "*** SCC Grand Prix: Titled Tuesday Blitz"]
[Site "Chess.com"]
[Date "2020.06.02"]
[Round "8"]
[White "Natalya_Buksa"]
[Black "RobPeresian"]
[Result "1-0"]
[WhiteElo "2563"]
[BlackElo "2377"]
[TimeControl "180+1"]
[EndTime "11:37:46 PDT"]
[Termination "Natalya_Buksa won by resignation"]

1. d4 d5 2. Nc3 c6 3. Bf4 Nf6 4. e3 g6 5. h4 h6 6. Nf3 Bg7 7.
Be2 Nbd7 8. Ne5 Nf8 9. Qd2 a5 10. Na4 N6d7 11. Nxd7 Nxd7 12. Bd3 e5 13. dxe5 Nxe5 14.
Nc3 Nxd3+ 15. Qxd3 Qe7 16. O-O-O Bf5 17. Qd2 a4 18. a3 b5 19. Na2 Qf6 20. c3 O-O 21. Nb4 Qe6 22. f3 Qd7 23. e4 Be6 24. exd5 cxd5 25.
Bxh6 Rac8 26. h5 f5 27. hxg6 f4 28. Bxg7 Qxg7 29. Qd4 Qxg6 30. Rde1 Kf7 31. Qxf4+ Qf5 32. Qxf5+ Bxf5 33. Nxd5 Rh8 34. Rxh8 Rxh8 35. g4 Bd3 36. Nb4 Bc4 37. Nc6 Bb3 38. Re2 Rh3 39. Kd2 Kf6 40. Ke3 Rh1 41. Kf4 Bc4 42. g5+ Kf7 43. Rd2 Rh4+ 44.
Kg3 Rh1 45. Ne5+ Ke6 46. Nxc4 bxc4 47. Rd4 Kf5 48. Rxc4 Rg1+ 49. Kf2 Rb1 50. Rxa4 Rxb2+ 51. Ke3 Kxg5 52. Ra5+ Kf6 53. a4 Rc2 54. Kd4 Rf2 55.
Kc4 Rxf3 56. Rd5 Ke6 57. Rd4 Rf1 58. a5 Rb1 59. Kc5 Rb3 60. c4 Ke5 61. Rd5+ Ke6 62. a6 Ra3 63. Kb6 Rb3+ 64. Rb5 Ra3 65. a7 Kd6 66. Ra5 Rb3+ 67. Ka6 Kc7 68. a8=Q Rb6+ 69.
Ka7 1-0

[Event "*** SCC Grand Prix: Titled Tuesday Blitz"]
[Site "Chess.com"]
[Date "2020.06.02"]
[Round "8"]
[White "serhanberat_ozdemir"]
[Black "Justinz"]
[Result "1/2-1/2"]
[WhiteElo "2510"]
[BlackElo "2329"]
[TimeControl "180+1"]
[EndTime "11:37:46 PDT"]
[Termination "Game drawn by repetition"]

1. e4 c5 2. Nf3 d6 3. d4 cxd4 4. Nxd4 Nf6 5. Nc3 a6 6. f3 e5 7. Nb3 Be7 8. Be3 Be6 9. Qd2 h5 10. Be2 Nbd7 11. Nd5 Nxd5 12. exd5 Bf5 13. Na5 Qc7 14.
c4 O-O 15. O-O Bg6 16. Rac1 f5 17. b4 Rac8 18. Kh1 f4 19. Bg1 b6 20. Nc6 Bg5 21. Bd3 Bxd3 22. Qxd3 Nb8 23. Nxb8 Rxb8 24. c5 bxc5 25.
bxc5 dxc5 26. Rxc5 Qd7 27. Rfc1 Rbc8 28. Qg6 Rxc5 29.
Bxc5 Be7 30. Bxe7 Qxe7 31. d6 Qf7 32. Qe4 Qe6 33. Rc6 Qxa2 34. h4 Qa1+ 35. Kh2 Rd8 36. Qd5+ Kh8 37. Qf7 Qe1 38. Qxh5+ Kg8 39. Qg5 Qg3+ 40.
Qxg3 fxg3+ 41. Kxg3 a5 42. Kf2 a4 43. Ke3 a3 44.
Ra6 a2 45. Ke4 Rxd6 46. Ra8+ Kf7 47. Rxa2 Rd4+ 48. Kxe5 Rxh4 49. g4 Rh1 50. Kf5 Rb1 51. Ra7+ Kg8 52. Kg5 Rb5+ 53. Kh4 Kh7 54. f4 Kg6 55.
Ra6+ Kh7 56. f5 Rb1 57. Ra7 Kg8 58. Kg5 Rb6 59. Rd7 Kf8 60. Ra7 Kg8 61. Kh5 Rh6+ 62. Kg5 Rb6 1/2-1/2

[Event "*** SCC Grand Prix: Titled Tuesday Blitz"]
[Site "Chess.com"]
[Date "2020.06.02"]
[Round "8"]
[White "boasovietica"]
[Black "Khayala13"]
[Result "1-0"]
[WhiteElo "2433"]
[BlackElo "2260"]
[TimeControl "180+1"]
[EndTime "11:37:47 PDT"]
[Termination "boasovietica won on time"]

1. e4 c6 2. d4 d5 3. exd5 cxd5 4.
Bd3 Nf6 5. Ne2 Nc6 6. c3 Bg4 7.
O-O e6 8. Qe1 Bd6 9. f3 Bh5 10.
Qh4 Bg6 11. Bxg6 fxg6 12. Bf4 O-O 13. Bxd6 Qxd6 14. Qg3 e5 15. dxe5 Nxe5 16. Nd4 Rae8 17. Nd2 Nh5 18. Qf2 Nd3 19. Qh4 Rf4 20. Qh3 Qb6 21. Nb3 Nxb2 22. Qd7 Ref8 23. Qxd5+ Kh8 24. Rab1 Na4 25. Rbc1 R4f5 26. Qc4 Nc5 27. Kh1 Nxb3 28.
axb3 R5f6 29. Rce1 Nf4 30. Re4 g5 31. Rfe1 h5 32. b4 h4 33. Re5 h3 34. g3 Ng2 35.
Rf1 g4 36. Rh5+ Rh6 37. fxg4 Rxf1+ 38. Qxf1 Rxh5 39. gxh5 Ne3 40. Qf8+ Kh7 41. Qf3 Qh6 42.
Qe4+ Kh8 43. Qe8+ Kh7 44. Ne6 Qf6 45. Nf8+ Kh6 46. Qxe3+ Kxh5 47. Qe2+ Kh6 48. Ne6 Qxc3 49. Qf1 1-0